 Dungeon Crawl Stone Soup version 0.28-a0-556-gab23d0e057 (webtiles) character file.

Game seed: 1935829695891691420

1 Rennog the Skirmisher (level 1, 22/24 HPs)
             Began as an Ogre Fighter on Sept 28, 2021.
             Was a Follower of Jiyva.
             Quit the game on level 1 of the Dungeon.
             The game lasted 00:00:21 (65 turns).

Rennog the Skirmisher (Ogre Fighter)                  Turns: 65, Time: 00:00:22

Health: 22/24      AC:  3    Str: 19    XL:     1   Next: 20%
Magic:  1/1        EV:  8    Int:  9    God:    Jiyva [*.....]
Gold:   0          SH:  7    Dex:  8    Spells: 0/0 levels left

rFire   . . .      SeeInvis .   a - +0 flail
rCold   . . .      Faith    .   c - +0 kite shield
rNeg    . . .      Spirit   .   b - +0 robe
rPois   .          Reflect  .   (helmet restricted)
rElec   .          Harm     .   (no cloak)
rCorr   .          Rampage  .   (gloves unavailable)
Will    .....                   (boots unavailable)
Stlth   +.........              (no amulet)
HPRegen 0.08/turn               (no ring)
MPRegen 0.07/turn               (no ring)

@: no status effects
A: large, unfitting armour, tough skin 1
a: Renounce Religion, Request Jelly


You were on level 1 of the Dungeon.
You worshipped Jiyva.
Jiyva was aware of your devotion.
You visited 1 branch of the dungeon, and saw 1 of its levels.

Inventory:

Hand Weapons
 a - a +0 flail (weapon)
Armour
 b - a +0 robe (worn)
 c - a +0 kite shield (worn)
Potions
 d - a potion of might


   Skills:
 * Level 4.0 Fighting
 + Level 1.8 Maces & Flails
 + Level 2.7 Dodging
 - Level 2.6 Shields


You couldn't memorise any spells.
You didn't know any spells.
Your spell library was empty.

Dungeon Overview and Level Annotations

Branches:
Dungeon (1/15)

Altars:
Jiyva


Innate Abilities, Weirdness & Mutations

You are too large for most types of armour.
You have tough skin. (AC +1)


Message History

Welcome, Rennog the Ogre Fighter.
Will you prevail where others failed? Will you find the Orb of Zot?
Press ? for a list of commands and other information.
Found a robe.
Found a staircase leading out of the dungeon.
Found a whip.
Found a faded altar of an unknown god.
An endoplasm comes into view.
The endoplasm quivers.
An endoplasm is nearby!
You hit the endoplasm but do no damage. You block the endoplasm's attack.
The endoplasm freezes you.
You are frozen.
You sock the endoplasm!
You kill the endoplasm!
No target in view!
No target in view!
No target in view!
No target in view!
No target in view!
No target in view!
No target in view!
No target in view!
No target in view!
No target in view!
No target in view!
No target in view!
No target in view!
A quokka comes into view.
Found 5 atropa-tipped darts.
There is a faded altar of an unknown god here.
You see here a -3 whip.
You cannot tell which god this altar belongs to.
Convert to them anyway?
Jiyva accepts your prayer! Jiyva welcomes you! Jiyva grants you a jelly!
You can now request a jelly.
Are you sure you want to abandon this character and quit the game? (Confirm with "yes".)

#... # #..# # #(
#..# .##. #..#
...##..# #.r...#
#J.#################
#..@................
#...#####.#####.....
#.#..####.## #.####
#.#........## #.# #
#.######..###..
###....#....###
##...........##
#.....###.....#
##.....# #.....##


You could see a quokka and a neutral jelly (wandering) (fellow slime).

Vanquished Creatures
  An endoplasm (D:1)
1 creature vanquished.

Notes
Turn   | Place    | Note
-------+----------+-------------------------------------------
     0 | D:1      | Rennog the Ogre Fighter began the quest for the Orb.
     0 | D:1      | Reached XP level 1. HP: 24/24 MP: 1/1
    38 | D:1      | Found a faded altar of an unknown god.
    64 | D:1      | Became a worshipper of Jiyva Joimues the Shapeless
    64 | D:1      | Reached * piety under Jiyva
    65 | D:1      | Quit the game

Illustrated notes

Levels and vault maps discovered:
D:1:      minmay_arrival_loop, layout_loops_ring, ebering_ecumenical_altar_rust,
          chequers_jeans

Action                   || total
-------------------------++-------
Melee: Flail             ||     2
Block: Kite shield       ||     1

Table legend: (Time is in decaauts)
 A = Elapsed time spent in this place.
 B = Non-inter-level travel time spent in this place.
 C = Inter-level travel time spent in this place.
 D = Time resting spent in this place.
 E = Time spent auto-exploring this place.
 F = Levels seen in this place.
 G = Mean time per level.
                   A        B        C        D        E       F      G
               +--------+--------+--------+--------+--------+-----+--------+
         Total |     66 |     53 |     13 |      0 |     43 |   1 |   66.0 |
       Dungeon |     66 |     53 |     13 |      0 |     43 |   1 |   66.0 |
               +--------+--------+--------+--------+--------+-----+--------+

Top non-repeatable levels by time:
     D:1: 66 daAuts
